 Dungeon Crawl Stone Soup version 0.26-a0-597-gb535b0901c (webtiles) character file.

Game seed: 2391243367965470312

10 Alarkh the Insei (level 2, 22/22 HPs)
             Began as a Demonspawn Gladiator on Sept 12, 2020.
             Got out of the dungeon alive.
             The game lasted 00:00:18 (365 turns).

Alarkh the Insei (Demonspawn Gladiator)              Turns: 365, Time: 00:00:19

Health: 22/22      AC:  4    Str: 14    XL:     2   Next: 10%
Magic:  2/2        EV: 13    Int:  9    God:
Gold:   28         SH:  0    Dex: 14    Spells: 1/1 levels left

rFire    . . .     SeeInvis .     - Unarmed
rCold    . . .     Faith    .   (no shield)
rNeg     . . .     Spirit   .   a - +0 leather armour
rPois    .         Reflect  .   b - +0 helmet
rElec    .         Harm     .   (no cloak)
rCorr    .                      (no gloves)
MR       .....                  (no boots)
Stlth    +.........             (no amulet)
HPRegen  0.07/turn              (no ring)
MPRegen  0.08/turn              (no ring)

@: no status effects
A: sturdy frame 1
a: no special abilities


You escaped.
You visited 1 branch of the dungeon, and saw 1 of its levels.

You collected 28 gold pieces.

Inventory:

Missiles
 c - 3 throwing nets (quivered)
Armour
 a - a +0 leather armour (worn)
 b - a +0 helmet (worn)
Scrolls
 d - 2 scrolls of teleportation {unknown}
 e - 2 scrolls of identify {unknown}
 g - a scroll of noise {unknown}
 i - a scroll of magic mapping {unknown}
Potions
 f - 2 potions of curing {unknown}
 h - a potion of mutation {unknown}


   Skills:
 - Level 2.0 Fighting
 - Level 1.7 Throwing
 - Level 2.6 Dodging
 + Level 3.3 Unarmed Combat


You had one spell level left.
You didn't know any spells.
Your spell library was empty.

Dungeon Overview and Level Annotations

Branches:
Dungeon (1/15)

Altars:


Innate Abilities, Weirdness & Mutations

Your movements are slightly less encumbered by armour. (ER -2)


Message History

The dart slug is heavily wounded.
You hit the dart slug.
The dart slug is almost dead.
The dart slug closely misses you.
You hit the dart slug.
You kill the dart slug!
You have reached level 2!
Your demonic ancestry asserts itself...
You feel less encumbered by your armour.
e - 2 scrolls labeled JOTEXZ RESATOM (gained 1)
You see here a dart slug corpse.
Found a leather armour.
i - a scroll labeled KEUDWI PERA You see here a dart slug corpse.
Things that are here:
a +0 short sword; a kobold skeleton
There is a large open door here.
There is a staircase leading out of the dungeon here.
Are you sure you want to leave the Dungeon?
This will make you lose the game!
You have escaped!

.######.#P≈≈≈≈≈.≈#
........#≈≈≈≈≈≈≈.#
........#≈P≈≈≈≈.##
........#≈≈≈≈≈.##
...[....#≈≈≈≈≈.≈#
........#≈≈≈≈≈≈.#
........#P≈≈≈≈.P# .# ..
........#≈≈≈≈..###.#...#
........#≈≈≈≈≈P.@#.#...#
..#...#.##########.#...#
..#####............#...#
..# #.###.####.......#
... ..### #......#
#..>>...# ##... ....#
#......# #.......# .....
....# #......#
#.....#####..... ....#
##.....#
#.....##........ ....#
#.....# #.....##........


There were no monsters in sight!

Vanquished Creatures
  An ooze (D:1)
  A dart slug (D:1)
  3 frilled lizards (D:1)
  A kobold (D:1)
6 creatures vanquished.

Notes
Turn   | Place    | Note
-------+----------+-------------------------------------------
     0 | D:1      | Alarkh the Demonspawn Gladiator began the quest for the
                  | Orb.
     0 | D:1      | Reached XP level 1. HP: 16/16 MP: 1/1
    80 | D:1      | Reached skill level 3 in Unarmed Combat
   262 | D:1      | Gained mutation: Your movements are slightly less
                  | encumbered by armour. (ER -2) [demonic ancestry]
   262 | D:1      | Reached XP level 2. HP: 20/22 MP: 2/2
   365 | D:$      | Got out of the dungeon alive.

Illustrated notes

Levels and vault maps discovered:
D:1:      lightli_arrival_windingriver, layout_basic

Skill      XL: |  1 |
---------------+----+-----
Unarmed Combat | 3 |  3.3
Fighting       | |  2.0
Throwing       | |  1.7
Dodging        | |  2.6

Action                   || total
-------------------------++-------
Melee: Unarmed           ||    28
Armor: Leather armour    ||     6
Dodge: Dodged            ||    13

Table legend: (Time is in decaauts)
 A = Elapsed time spent in this place.
 B = Non-inter-level travel time spent in this place.
 C = Inter-level travel time spent in this place.
 D = Time resting spent in this place.
 E = Time spent auto-exploring this place.
 F = Levels seen in this place.
 G = Mean time per level.
                   A        B        C        D        E       F      G
               +--------+--------+--------+--------+--------+-----+--------+
         Total |    363 |    279 |     84 |     78 |    144 |   1 |  363.0 |
       Dungeon |    363 |    279 |     84 |     78 |    144 |   1 |  363.0 |
               +--------+--------+--------+--------+--------+-----+--------+

Top non-repeatable levels by time:
     D:1: 363 daAuts
